 Dungeon Crawl Stone Soup version 0.29-a0-362-g5854e031c7 (webtiles) character file.

Game seed: 3789208536141938674

586 Sweeb the Shield-Bearer (level 7, 0/1 (55) HPs)
             Began as a Formicid Fighter on Apr 29, 2022.
             Slain by a rat (1 damage)
             ... on level 4 of the Dungeon.
             The game lasted 00:08:18 (5126 turns).

Sweeb the Shield-Bearer (Formicid Fighter)          Turns: 5126, Time: 00:08:19

HP:   0/1 (55)      AC:  6    Str: 20    XL:     7   Next: 65%
MP:   11/11         EV:  9    Int: 10    God:
Gold: 240           SH:  5    Dex: 10    Spells: 11/11 levels left

rFire   . . .      SeeInvis +   a - +0 quarterstaff
rCold   . . .      Faith    .   c - +0 buckler
rNeg    . . .      Spirit   .   b - +0 scale mail
rPois   .          Reflect  .   (helmet unavailable)
rElec   .          Harm     .   (no cloak)
rCorr   .          Rampage  .   (no gloves)
Will    .....                   (no boots)
Stlth   ..........              k - amulet of magic regeneration
HPRegen 0.01/turn               (no ring)
MPRegen 0.52/turn               (no ring)

@: extremely drained
A: permanent stasis, dig shafts and tunnels, antennae 3, four strong arms
a: Dig, Shaft Self


You were on level 4 of the Dungeon.
You visited 1 branch of the dungeon, and saw 4 of its levels.
You also visited: Sewer.

You collected 240 gold pieces.

Inventory:

Hand Weapons
 a - a +0 quarterstaff (weapon)
Armour
 b - a +0 scale mail (worn)
 c - a +0 buckler (worn)
Jewellery
 e - a +6 ring of strength
 k - an amulet of magic regeneration (around neck)
Wands
 l - a wand of polymorph (13)
 n - a wand of mindburst (15)
Scrolls
 h - a scroll of summoning
 p - 2 scrolls of fog {unknown}
 q - a scroll of amnesia
 r - a scroll of blinking {unknown}
 t - a scroll of enchant weapon {unknown}
 u - a scroll of identify
Potions
 d - 2 potions of might
 f - a potion of haste
 g - 2 potions of attraction
 i - a potion of curing {unknown}
 j - 2 potions of invisibility
 m - a potion of ambrosia {unknown}
 o - 2 potions of berserk rage
 s - 4 potions of flight
 v - a potion of lignification {unknown}


   Skills:
 + Level 4.7 Fighting
 * Level 4.8 Staves
 - Level 3.2 Armour
 * Level 6.4 Shields
 + Level 2.7 Spellcasting


You had 11 spell levels left.
You didn't know any spells.
Your spell library contained the following spells:

 Spells                   Type           Power      Damage    Failure   Level
 Ozocubu's Armour         Ice            1%         N/A       96%         3
 Metabolic Englaciation   Hex/Ice        0%         N/A       100%        5
 Simulacrum               Ice/Necr       0%         N/A       100%        6


Dungeon Overview and Level Annotations

Branches:
Dungeon (4/15)              Sewer (visited)
 Temple: D:4-7

Altars:
Gozag


Innate Abilities, Weirdness & Mutations

You cannot be hasted, slowed, berserked, paralysed or teleported.
You can dig through walls and to a lower floor.
You have a pair of large antennae on your head. (SInv)
Your four strong arms can wield two-handed weapons with a shield.


Message History

You dig through the rock wall.
You feel drained.
You dig through the rock wall.
You feel drained.
You dig through the rock wall.
You feel drained.
You dig through the rock wall.
You feel drained.
You dig through the rock wall.
You feel drained.
You dig through the rock wall.
You feel drained.
You retract your mandibles.
There is a gate leading back out of this place here.
Welcome back to the Dungeon!
There is a collapsed entrance here.
You enter the shallow water.
Moving in this stuff is going to be slow.
Found a ring mail.
Found an escape hatch in the ceiling.
You now have 240 gold pieces (gained 13).
t - a scroll labelled QAYSOW GETOME A hobgoblin comes into view.
The hobgoblin shouts!
You see here a green potion.
A hobgoblin is nearby!
The hobgoblin closely misses you.
You closely miss the hobgoblin.
The hobgoblin hits you but does no damage.
You hit the hobgoblin but do no damage. The hobgoblin barely misses you.
You hit the hobgoblin.
The hobgoblin is moderately wounded.
You block the hobgoblin's attack.
You sock the hobgoblin!
You kill the hobgoblin!
No target in view!
No target in view!
u - a scroll of identify You sense a monster nearby.
v - a green potion A rat comes into view.
A rat is nearby!
You block the rat's attack.
You closely miss the rat. The rat bites you.
Ouch! That really hurt!
You die...

........P....#.......#.......# #
........#####........##......#
###..........................#**
#*###..#....#..................#
#.##...#.....................###
.......#............##.......#*
.(..#......#..........#.......#
..>.##.....##.........#.......#
....#......###.r@.............#
.#....#.....###..#........#####
##....#....####..#.........#
:...........^.............##
.#....##...#..............#
*#....,.....#.#..........<#
***,,,,,,.*######........#
**,,,,,,* ##......## *,,,,,,*
##.....#


You could see a rat.

Vanquished Creatures
  Sigmund (D:2)
  An ogre (D:3)
  A phantom (D:3)
  Natasha (D:2)
  Robin (D:2)
  5 adders
  5 river rats
  2 worms
  2 dart slugs
  8 orcs
  14 ball pythons
  12 bats
  6 endoplasms
  9 giant cockroaches
  14 goblins
  8 hobgoblins
  12 jackals
  6 kobolds
  6 quokkas
  5 frilled lizards
  5 rats
124 creatures vanquished.

Vanquished Creatures (others)
  8 plants (D:4)
8 creatures vanquished.

Grand Total: 132 creatures vanquished

Notes
Turn   | Place    | Note
-------+----------+-------------------------------------------
     0 | D:1      | Sweeb the Formicid Fighter began the quest for the Orb.
     0 | D:1      | Reached XP level 1. HP: 18/18 MP: 1/1
    73 | D:1      | Reached XP level 2. HP: 24/24 MP: 2/2
   260 | D:1      | Found a faded altar of an unknown god.
   340 | D:1      | Reached skill level 4 in Shields
   349 | D:1      | Reached XP level 3. HP: 12/29 MP: 2/4
  1496 | D:2      | Reached skill level 1 in Spellcasting
  1599 | D:2      | Noticed Sigmund
  1608 | D:2      | Killed Sigmund
  1609 | D:2      | Reached skill level 5 in Shields
  1609 | D:2      | Reached XP level 4. HP: 35/37 MP: 4/6
  1609 | D:2      | Reached XP level 5. HP: 40/42 MP: 4/7
  1609 | D:2      | Reached XP level 6. HP: 45/48 MP: 4/8
  1690 | D:2      | Noticed Natasha
  1697 | D:2      | Killed Natasha
  2013 | D:2      | Noticed Robin
  2042 | D:2      | Killed Robin
  2943 | D:3      | Found an opulent altar of Gozag.
  3434 | D:3      | Noticed an ogre
  3440 | D:3      | Killed an ogre
  3441 | D:3      | Reached XP level 7. HP: 29/55 MP: 10/10
  3546 | D:3      | Reached skill level 6 in Shields
  3929 | D:4      | Found a glowing drain.
  3938 | Sewer    | Entered a sewer
  5126 | D:4      | Slain by a rat

Illustrated notes

Levels and vault maps discovered:
D:1:      kennysheep_arrival_seaside, layout_basic,
          shapermc_ecumenical_altar_mp_vishouse
D:2:      layout_basic, uniq_robin, uniq_sigmund, uniq_natasha
D:3:      layout_rooms, mainiacjoe_overflow_cross_hatched, minmay_quadrilaterals
D:4:      cheibrodos_old_hovel, layout_cave_pools,
          gammafunk_temple_overflow_pools, portal_sewer_entry_b

Skill      XL: |  1  2  3  4  5  6  7 |
---------------+----------------------+-----
Shields        | 4 5 6 |  6.4
Spellcasting   | 1 2 |  2.7
Fighting       | 4 |  4.7
Staves         | 3 4 |  4.8
Armour         | |  3.2

Action                   |  1- 3 |  4- 6 |  7- 9 || total
-------------------------+-------+-------+-------++-------
Melee: Quarterstaff      |    88 |   141 |   179 ||   408
 Abil: Dig               |       |       |     8 ||     8
  Use: Potion            |     1 |       |       ||     1
       Scroll            |       |     8 |     4 ||    12
Armor: Scale mail        |    39 |    59 |   102 ||   200
Dodge: Dodged            |    45 |    61 |   111 ||   217
Block: Buckler           |    22 |    48 |    49 ||   119

Table legend: (Time is in decaauts)
 A = Elapsed time spent in this place.
 B = Non-inter-level travel time spent in this place.
 C = Inter-level travel time spent in this place.
 D = Time resting spent in this place.
 E = Time spent auto-exploring this place.
 F = Levels seen in this place.
 G = Mean time per level.
                   A        B        C        D        E       F      G
               +--------+--------+--------+--------+--------+-----+--------+
         Total |   5348 |   5231 |    117 |   1127 |   2820 |   5 | 1069.6 |
       Dungeon |   4123 |   4006 |    117 |    845 |   2369 |   4 | 1030.8 |
         Sewer |   1225 |   1225 |      0 |    282 |    451 |   1 | 1225.0 |
               +--------+--------+--------+--------+--------+-----+--------+

Top non-repeatable levels by time:
     D:2: 1694 daAuts
     D:1: 1240 daAuts
   Sewer: 1225 daAuts
     D:3: 891 daAuts
     D:4: 296 daAuts
